AoeStats
← a152419642

Arena

509330949Analyzed
1v1 RM · 7d ago on Sep 26, 2026· 59m 18s· 2 players
Game mode
Random Map
Map size
Tiny (2 player)
Population
200
Speed
Normal
Resources
Standard
Victory
Conquest
Starting age
Dark Age
Ending age
Imperial Age
RankedLock teamsTeams togetherTeam positionsShared explorationLock speedFull tech treeHidden civsTurbo modeCheats
Victory
Defeat
🇺🇸 Dravidians · United States
657
+17
🇹🇼 Franks · Taiwan
675
-17
Mf MelloMike
6:33 Loom
10:20 Feudal Age
11:07 Horse Collar
11:17 Double-Bit Axe
12:18 Wheelbarrow
19:11 Castle Age
18:18 Stone Mining
18:25 Fletching
18:36 Padded Archer Armor
20:44 Forging
21:32 Pikeman
23:12 Gold Mining
26:00 Ballistics
27:37 Squires
28:43 Bow Saw
33:13 Imperial Age
32:21 Heavy Plow
34:02 Iron Casting
33:28 Scale Mail Armor
33:34 Bodkin Arrow
34:06 Leather Archer Armor
37:04 Thumb Ring
36:40 Elite Elephant Archer
36:57 Halberdier
44:28 Chemistry
45:30 Chain Mail Armor
53:31 Blast Furnace
53:02 Plate Mail Armor
52:33 Bracer
53:04 Ring Archer Armor
53:16 Medical Corps
52:36 Elite Urumi Swordsman
55:29 Arson
55:25 Elite Skirmisher
a152419642
11:48 Feudal Age
17:46 Castle Age
16:34 Double-Bit Axe
19:37 Bow Saw
26:35 Wheelbarrow
27:59 Hand Cart
32:16 Imperial Age
30:33 Elite Skirmisher
31:07 Ordonnance Companies
32:25 Loom
33:19 Ballistics
32:59 Fletching
33:09 Padded Archer Armor
33:54 Heavy Mounted Crossbowman
33:55 Cranequins
36:10 Town Watch
36:26 Bodkin Arrow
36:46 Leather Archer Armor
37:34 Chemistry
37:31 Town Patrol
38:19 Scale Barding Armor
40:08 Conscription
43:17 Pikeman
46:39 Chivalry
46:53 Husbandry
47:37 Masonry
47:33 Siege Engineers
47:20 Cavalier
48:16 Forging
48:27 Chain Barding Armor
48:56 Gold Mining
48:43 Paladin
54:17 Iron Casting
54:31 Plate Barding Armor
54:28 Architecture
53:54 Murder Holes
55:22 Light Cavalry
58:12 Hoardings
Connection lost

Rejoining the realm…

Still unreachable

The connection could not be restored.

Session expired

The server has moved on; the page needs a fresh start.